 Dungeon Crawl Stone Soup version 0.22-a0-596-gfbd32a6 (webtiles) character file.

1894 Amnesiac the Skirmisher (level 8, 0/53 HPs)
             Began as a Deep Elf Wizard on July 5, 2018.
             Was an Initiate of Gozag.
             Killed by divine providence
             ... invoked by an orc priest
              (17 damage)
             ... on level 7 of the Dungeon.
             The game lasted 00:11:01 (6530 turns).

Amnesiac the Skirmisher (Deep Elf Wizard)           Turns: 6530, Time: 00:11:02

Health: 0/53       AC:  4    Str:  1    XL:     8   Next: 93%
Magic:  23/27      EV: 17    Int: 26    God:    Gozag
Gold:   181        SH:  4    Dex: 21    Spells: 7/18 levels left

rFire    . . .     SeeInvis .   E - +9 spear "Wahur" {holy, Str-3 Dex+8}
rCold    . . .     Gourm    .   N - +0 buckler
rNeg     . . .     Faith    .   y - +0 robe
rPois    .         Spirit   .   (no helmet)
rElec    .         Reflect  .   K - +0 cloak (curse)
rCorr    .         Harm     .   D - +0 pair of gloves
MR       .....                  (no boots)
Stlth    ++........             (no amulet)
HPRegen  0.17/turn              c - +4 ring of slaying
MPRegen  0.20/turn              C - ring of magical power

@: very slightly contaminated
A: no striking features
a: Potion Petition, Call Merchant, Bribe Branch, Renounce Religion


You were on level 7 of the Dungeon.
You worshipped Gozag.
Gozag was aware of your devotion.
You were not hungry.

You visited 1 branch of the dungeon, and saw 7 of its levels.

You collected 826 gold pieces.
You spent 598 gold pieces at shops.
You paid 47 gold pieces to Gozag.

Inventory:

Hand Weapons
 a - a +1 dagger of draining
 E - the +9 spear "Wahur" (weapon) {holy, Str-3 Dex+8}
   (You found it on level 5 of the Dungeon)

   It has been blessed by the Shining One to cause great damage to the undead
   and demons.
   It affects your strength (-3).
   It affects your dexterity (+8).
 H - the +2 whip of the Abyss {freeze, -Tele rPois Str-2 Dex+8}
   (You took it off a kobold on level 6 of the Dungeon)

   It has been specially enchanted to freeze those struck by it, causing extra
   injury to most foes and up to half again as much damage against particularly
   susceptible opponents.
   It can also slow down cold-blooded creatures.
   It affects your strength (-2).
   It affects your dexterity (+8).
   It protects you from poison.
   It prevents most forms of teleportation.
Armour
 y - a +0 robe (worn)
 D - a +0 pair of gloves (worn)
 K - a cursed +0 cloak (worn)
 N - a +0 buckler (worn)
Magical Staves
 J - an uncursed staff of energy
Jewellery
 c - a +4 ring of slaying (left hand)
 r - an uncursed ring of protection from magic
 C - a ring of magical power (right hand)
 L - a +5 ring of strength
 M - an uncursed ring of see invisible {unknown}
Wands
 j - a wand of acid (3)
 A - a wand of paralysis (14)
Scrolls
 e - 2 scrolls of amnesia {!r, unknown}
 g - 3 scrolls of magic mapping {!r, unknown}
 i - 6 scrolls of teleportation {!r, unknown}
 k - 3 scrolls of fear {!r, unknown}
 m - 3 scrolls of remove curse {!r}
 n - a scroll of fog {!r, unknown}
 p - 2 scrolls of immolation {!r, unknown}
 u - a scroll of random uselessness {!r, unknown}
 v - 3 scrolls of identify {!r, unknown}
 x - 2 scrolls of blinking {!r, unknown}
 F - a scroll of noise {!r, unknown}
 I - a scroll of enchant weapon {!r, unknown}
Potions
 b - a potion of invisibility {!q}
 f - 3 potions of lignification {!q}
 h - 4 potions of haste {!q}
 l - 5 potions of curing {!q}
 o - 4 potions of agility {!q, unknown}
 q - 2 potions of flight {!q, unknown}
 s - 2 potions of degeneration {!q, unknown}
 t - a potion of magic {!q, unknown}
 w - 3 potions of might {!q}
 z - 2 potions of brilliance {!q}
 B - a potion of heal wounds {!q, unknown}
 G - a potion of resistance {!q}
Comestibles
 d - 14 rations


   Skills:
 - Level 7.0 Fighting
 - Level 7.0 Dodging
 - Level 2.4 Stealth
 * Level 0.0 Shields
 - Level 5.5 Spellcasting
 + Level 5.4 Conjurations
 - Level 1.1 Summonings
 - Level 1.1 Translocations


You had 7 spell levels left.
You knew the following spells:

 Your Spells              Type           Power        Failure   Level  Hunger
a - Magic Dart            Conj           ####         1%          1    None
b - Call Imp              Summ           ##......     12%         2    None
e - Mephitic Cloud        Conj/Pois/Air  ###.....     17%         3    #......
s - Conjure Flame         Conj/Fire      ###.....     12%         3    #......
v - Blink                 Tloc           N/A          12%         2    None

Your spell library contained the following spells:

 Spells                   Type           Power        Failure   Level  Hunger
 Slow                     Hex            #.......     19%         2    None


Dungeon Overview and Level Annotations

Branches:
Dungeon (7/15)             Temple (0/1) D:7

Altars:
Gozag
Trog
Uskayaw
Yredelemnul

Shops:
D:4 !


Message History

No target in view!
You now have 176 gold pieces (gained 5).
You now have 181 gold pieces (gained 5).
d - 12 rations (gained 1)
There is a hide-covered altar of Uskayaw here.
d - 13 rations (gained 1)
Found a buckler.
d - 14 rations (gained 1)
Found an escape hatch in the ceiling.
Found an escape hatch in the floor.
An orc warrior comes into view. It is wielding a flail.
You see here a buckler.
N - a buckler Wear which item? (? for menu, Esc to quit)
You start putting on your armour.
You continue putting on your buckler. x4
You finish putting on your +0 buckler.
The orc warrior shouts!
You hear an angry hiss.
You hear a shout!
You hear a shout!
Casting: Magic Dart (safe; 1% risk of failure)
Confirm with . or Enter, or press ? or * to list all spells.
Aiming: Mephitic Cloud (safe; 17% risk of failure)
Press: ? - help, Shift-Dir - straight line, f - orc warrior
Aim: an orc warrior, wielding a flail and wearing a chain mail You miscast Mephitic Cloud.
You are very lightly contaminated with residual magic.
Nothing appears to happen.
An orc priest comes into view. It is wielding a club.
Found a ration.
Casting: Mephitic Cloud (safe; 17% risk of failure)
Confirm with . or Enter, or press ? or * to list all spells.
Aiming: Mephitic Cloud (safe; 17% risk of failure)
Press: ? - help, Shift-Dir - straight line, f/p - orc warrior
Aim: an orc warrior, wielding a flail and wearing a chain mail The ball explodes into a vile cloud!
The stinking cloud engulfs the orc warrior.
You hear a shout!
You hear an angry hiss.
The orc warrior is engulfed in noxious fumes.
You closely miss the orc warrior. The orc warrior hits you with a flail!!
You closely miss the orc warrior.
The orc shouts!
The orc warrior closely misses you.
You barely miss the orc warrior. The orc warrior closely misses you.
You closely miss the orc warrior.
A killer bee zombie comes into view.
The orc warrior hits you with a flail!
An ogre comes into view. It is wielding a giant club.
The orc priest shouts!
The ogre shouts!
You hit the orc warrior.
The orc warrior is moderately wounded.
A leopard gecko comes into view.
An orc comes into view. It is wielding a club.
The orc warrior closely misses you.
The orc priest is engulfed in noxious fumes.
The orc priest mumbles some strange prayers to Beogh against you.
Beogh smites you!
* * * LOW HITPOINT WARNING * * *
The orc barely misses you.
The orc priest shouts!
You hear a shout!
The orc priest calls upon Beogh to heal the orc warrior.
The orc warrior is healed somewhat.
The orc priest invokes the aid of Beogh against you.
Beogh smites you!
You die...
Your body crumbles into a pile of gold.

##.###............# ##.##
...##.............# ##.(#
##.........8.8.8..# #(.##
##..###..........)###(##
#####...###.######...)..[.##
.........##.# ##...((>..#
##.........###
#..######......
#<.##.#...Oo.####..## ####..
# #.##...o.oo@....#
#..##.###.##.##%# # ##.##.#
#l#.... #..#.# #...Z....
##.#.# #.#..⌠...⌠. #...#
#.#.o...... ##..# #..
...>... #.o# ### .....$.
#..#


You could see an orc warrior, an ogre, 2 orc priests, 2 orcs and a killer bee
zombie.

Vanquished Creatures
  Grinder (D:6)
  Edmund (D:4)
  Duvessa (D:6)
  2 sky beasts
  2 bullfrogs
  2 scorpions
  Dowan (D:6)
  5 wights (D:6)
  2 howler monkeys
  A crimson imp (D:6)
  A bullfrog zombie (D:6)
  A quasit (D:6)
  4 orc priests
  3 hounds
  An orc wizard (D:5)
  An iguana (D:4)
  3 worker ants
  A hound zombie (D:6)
  13 gnolls
  8 adders
  A shadow imp (D:5)
  An adder skeleton (D:4)
  4 worms
  3 dart slugs
  5 leopard geckos
  15 orcs
  4 giant cockroaches
  2 hobgoblins
  4 jackals (D:3)
  3 kobolds
  5 quokkas
  6 bats
  3 frilled lizards
  5 goblins
  A leopard gecko zombie (D:5)
  6 rats
122 creatures vanquished.

Vanquished Creatures (collateral kills)
  A crimson imp (D:7)
  An orc wizard (D:4)
  A gnoll (D:2)
  A worm (D:2)
  A kobold (D:2)
  A plant (D:2)
6 creatures vanquished.

Vanquished Creatures (others)
  A plant (D:2)
1 creature vanquished.

Grand Total: 129 creatures vanquished

Notes
Turn   | Place    | Note
-------+----------+-------------------------------------------
     0 | D:1      | Amnesiac the Deep Elf Wizard began the quest for the Orb.
     0 | D:1      | Reached XP level 1. HP: 10/10 MP: 7/7
   331 | D:1      | Reached XP level 2. HP: 15/15 MP: 6/9
   335 | D:1      | Learned a level 2 spell: Blink
   338 | D:1      | Learned a level 2 spell: Call Imp
  1230 | D:2      | Reached XP level 3. HP: 19/19 MP: 7/11
  1235 | D:2      | Learned a level 3 spell: Conjure Flame
  1239 | D:2      | Learned a level 3 spell: Mephitic Cloud
  1252 | D:2      | You fall through a shaft!
  1517 | D:2      | Found an opulent altar of Gozag.
  1535 | D:2      | Reached XP level 4. HP: 19/24 MP: 0/12
  2246 | D:2      | Became a worshipper of Gozag Ym Sagoz the Greedy
  2331 | D:3      | Noticed a bullfrog
  2337 | D:3      | Killed a bullfrog
  2337 | D:3      | Reached skill level 5 in Conjurations
  2337 | D:3      | Reached XP level 5. HP: 22/28 MP: 6/13
  2629 | D:3      | Found a bloodstained altar of Trog.
  2758 | D:3      | Reached skill level 1 in Fighting
  3019 | D:4      | Found Wuyfoemi's Distillery.
  3024 | D:4      | Bought a potion of brilliance for 52 gold pieces
  3024 | D:4      | Bought a potion of haste for 130 gold pieces
  3024 | D:4      | Bought a potion of curing for 39 gold pieces
  3043 | D:4      | Reached XP level 6. HP: 36/36 MP: 10/14
  3139 | D:4      | Noticed Edmund
  3149 | D:4      | Killed Edmund
  3489 | D:4      | Reached skill level 5 in Dodging
  3791 | D:4      | Reached XP level 7. HP: 40/40 MP: 11/15
  4070 | D:5      | Entered Level 5 of the Dungeon
  4087 | D:5      | Got a smoking spear
  4093 | D:5      | Identified the +9 spear "Wahur" {holy, Str-3 Dex+8} (You found it on level 5 of the Dungeon)
  4178 | D:4      | Bought a potion of invisibility for 104 gold pieces
  4178 | D:4      | Bought a potion of lignification for 39 gold pieces
  4273 | D:5      | HP: 1/41 [orc/trident of venom (10)]
  5045 | D:6      | Reached skill level 5 in Fighting
  5045 | D:6      | Reached XP level 8. HP: 30/49 MP: 16/16
  5340 | D:4      | Bought a potion of resistance for 130 gold pieces
  5340 | D:4      | Bought 2 potions of might for 104 gold pieces
  5400 | D:6      | Noticed Grinder
  5412 | D:6      | Killed Grinder
  5430 | D:6      | Noticed Duvessa
  5430 | D:6      | Noticed Dowan
  5446 | D:6      | Killed Dowan
  5468 | D:6      | Killed Duvessa
  5754 | D:6      | Got a faintly glowing whip {freeze}
  5783 | D:6      | Reached skill level 5 in Spellcasting
  6146 | D:6      | Identified the cursed +2 whip of the Abyss {freeze, -Tele rPois Str-2 Dex+8} (You took it off a kobold on level 6 of the Dungeon)
  6197 | D:7      | Found a basalt altar of Yredelemnul.
  6412 | D:7      | Found a hide-covered altar of Uskayaw.
  6530 | D:7      | Found a staircase to the Ecumenical Temple.
  6530 | D:7      | Killed from afar by an orc priest

Vault maps used:
D:1:      zaba_arrival_water, serial_co_window_serial, co_window_cross_1,
          co_window_cross_1, co_window_of_opportunity_a, co_window_paths_b,
          co_window_corner_a, co_window_2corner, co_window_corner_ca,
          co_window_corner_b, co_window_of_opportunity_c, co_window_corner_b,
          glass_columns_b, glass_columns_a, glass_columns_a
D:2:      wad_woods_stonehenge
D:3:      first_ration, lemuel_statue_altar
D:4:      serial_shops, shop_fountains, uniq_edmund
D:5:      kennysheep_cross_room
D:6:      uniq_duvessa, uniq_grinder
D:7:      eat_drink_and_be_merry_uskayaw, minmay_temple_entry_large_hall,
          basic_altar, solitary_fountain, uniq_crazy_yiuf_cottage

Skill      XL: |  1  2  3  4  5  6  7  8 |
---------------+-------------------------+-----
Conjurations   | 2 3 4 5 |  5.4
Fighting       | 2 5 7 |  7.0
Dodging        | 5 6 7 |  7.0
Spellcasting   | 5 |  5.5
Stealth        | |  2.4
Summonings     | |  1.1
Translocations | |  1.1

Action                   |  1- 3 |  4- 6 |  7- 9 || total
-------------------------+-------+-------+-------++-------
Melee: Spear             |       |    18 |   129 ||   147
       Flail             |       |     3 |       ||     3
       Dagger            |       |    20 |    30 ||    50
 Cast: Magic Dart        |    74 |    99 |     8 ||   181
       Call Imp          |     1 |    10 |     1 ||    12
       Mephitic Cloud    |     2 |     5 |     6 ||    13
       Conjure Flame     |       |     1 |       ||     1
Invok: Potion Petition   |       |       |     1 ||     1
  Use: Scroll            |       |     2 |     2 ||     4
       Potion            |       |       |     1 ||     1
 Stab: Confused          |       |     2 |     6 ||     8
       Sleeping          |       |       |     6 ||     6
       Distracted        |       |       |     5 ||     5
  Eat: Chunk             |     2 |     1 |       ||     3
       Ration            |       |     3 |     2 ||     5
Armor: Robe              |     2 |    15 |    12 ||    29
Dodge: Dodged            |     8 |    45 |   103 ||   156

Table legend:
 A = Spawn XP
 B = Non-spawn XP
 C = Spawn XP percentage of total XP
 D = Spawn monster count
 E = Non-spawn monster count
 F = Spawn count percentage of total count
 G = Total turns spent on level
                    A         B        C        D         E        F      G
               +---------+---------+-------+---------+---------+-------+---------
         Total |       0 |    2707 |   0.0 |       0 |     127 |   0.0 |  6530
               +---------+---------+-------+---------+---------+-------+---------
           D:1 |       0 |      27 |   0.0 |       0 |      14 |   0.0 |   916
           D:2 |       0 |      71 |   0.0 |       0 |      20 |   0.0 |  1306
           D:3 |       0 |     158 |   0.0 |       0 |      18 |   0.0 |   619
           D:4 |       0 |     582 |   0.0 |       0 |      29 |   0.0 |  1318
           D:5 |       0 |     315 |   0.0 |       0 |      11 |   0.0 |   856
           D:6 |       0 |    1334 |   0.0 |       0 |      23 |   0.0 |  1180
           D:7 |       0 |     220 |   0.0 |       0 |      12 |   0.0 |   335
               +---------+---------+-------+---------+---------+-------+---------
